[Event "*** Titled Tuesday Blitz"]
[Site "Chess.com"]
[Date "2020.10.27"]
[Round "2"]
[White "Skatchkov_V"]
[Black "nitpicker"]
[Result "1-0"]
[WhiteElo "2481"]
[BlackElo "2267"]
[TimeControl "180+1"]
[EndTime "10:17:57 PDT"]
[Termination "Skatchkov_V won on time"]

1. d4 Nf6 2. c4 e6 3. Nf3 b6 4.
g3 Ba6 5. b3 c6 6. Bg2 d5 7.
O-O Be7 8. Nbd2 O-O 9. Ne5 Nfd7 10. Nxd7 Nxd7 11. Bb2 Rc8 12. e4 dxe4 13. Nxe4 Nf6 14. Nc3 Qc7 15. Qf3 Rfd8 16. Rad1 Bb7 17. Rfe1 Ba8 18. Qe2 Bf8 19. a3 a6 20. b4 c5 21. bxc5 bxc5 22. d5 exd5 23. Nxd5 Nxd5 24. cxd5 Qb6 25. Rb1 Qb5 26. Qc2 Qa5 27. Bc3 Qc7 28.
Rbd1 Bd6 29. Qa4 Bb7 30. Qg4 g6 31. h4 Bf8 32. d6 Qd7 33. Qf4 f5 34. Qe5 Bg7 35. Qxg7+ Qxg7 36. Bxg7 Bxg2 37. Bf6 Rf8 38. d7 Rcd8 39. Bxd8 Bf3 40. Be7 Bxd1 41. Rxd1 1-0

[Event "*** Titled Tuesday Blitz"]
[Site "Chess.com"]
[Date "2020.10.27"]
[Round "2"]
[White "Shivagami"]
[Black "Miss_JJ20"]
[Result "1-0"]
[WhiteElo "2256"]
[BlackElo "2450"]
[TimeControl "180+1"]
[EndTime "10:17:57 PDT"]
[Termination "Shivagami won by resignation"]

1. e4 c5 2. Nc3 Nc6 3. g3 g6 4.
Bg2 Bg7 5. d3 e6 6. Be3 d6 7.
Qd2 h6 8. h4 Nge7 9. Nge2 Rb8 10.
a4 Nd4 11. O-O a6 12. f4 f5 13. Nd1 O-O 14. c3 Nb3 15. Qc2 Nxa1 16. Qb1 d5 17. Qxa1 dxe4 18. dxe4 b6 19. Qa2 Kh7 20. Nf2 e5 21.
fxe5 Bxe5 22. Nf4 Qc7 23. exf5 Nxf5 24. Nd5 Qf7 25. Ng4 Be6 26. Nxe5 Qg8 27. Bf4 Rbd8 28. c4 Nd4 29. b3 b5 30. Qb2 bxc4 31. bxc4 Rb8 32.
Qd2 Rb3 33. Kh2 Rfb8 34. Nf6+ Kg7 35. Bxh6+ Kh8 36. Nxg8 Kxg8 37. Qg5 Bf5 38. Qf6 R3b7 39. Rxf5 Nxf5 40. Bd5+ 1-0

[Event "*** Titled Tuesday Blitz"]
[Site "Chess.com"]
[Date "2020.10.27"]
[Round "2"]
[White "ajedrezhoy"]
[Black "fabianvivasz"]
[Result "1-0"]
[WhiteElo "2242"]
[BlackElo "2441"]
[TimeControl "180+1"]
[EndTime "10:17:57 PDT"]
[Termination "ajedrezhoy won on time"]

1. e4 e5 2. Nf3 Nc6 3. Nc3 Nf6 4. d4 exd4 5. Nxd4 Bb4 6. Nxc6 bxc6 7. Bd3 d5 8. exd5 O-O 9. O-O Bg4 10. Be2 Bxe2 11. Nxe2 cxd5 12. Bg5 Be7 13. Qd3 h6 14. Bh4 c6 15. b3 Ne4 16. Bxe7 Qxe7 17. Ng3 f5 18. c4 f4 19. Ne2 Nc5 20. Qd2 f3 21. gxf3 Rxf3 22.
cxd5 Rd8 23. Ng3 Rxd5 24. Qc2 h5 25. Rfe1 Qf7 26. Rad1 h4 27. Rxd5 Qxd5 28. Ne4 Nd3 29.
Re2 Qf5 30. Qc4+ Kh7 31. Kh1 Nf4 32. Re1 Qg4 33. Rg1 Qh3 34. Ng5+ 1-0

[Event "*** Titled Tuesday Blitz"]
[Site "Chess.com"]
[Date "2020.10.27"]
[Round "2"]
[White "poppy73"]
[Black "r31415"]
[Result "0-1"]
[WhiteElo "2216"]
[BlackElo "2454"]
[TimeControl "180+1"]
[EndTime "10:17:57 PDT"]
[Termination "r31415 won on time"]

1. e4 e5 2. Nf3 Nc6 3. Bb5 Nf6 4. d3 Bc5 5. c3 d5 6. Nxe5 O-O 7. Nxc6 bxc6 8.
Bxc6 Bxf2+ 9. Kxf2 Ng4+ 10. Ke1 Qf6 11. Rf1 Qxc6 12. h3 Nf6 13. e5 Nd7 14. d4 f6 15. Be3 Ba6 16. Rf2 fxe5 17. Nd2 exd4 18. Rxf8+ Rxf8 19. cxd4 Qb5 20. Nf3 Qxb2 21. Bd2 Qb5 22. Be3 Nb6 23. Kf2 Nc4 24. Rb1 Qe8 25.
Rb3 Nd6 26. Kg1 Nf5 27. Bf2 Bc4 28. Rc3 Nd6 29. Ne5 Ne4 30. Nxc4 Nxc3 31. Qb3 Ne2+ 32. Kf1 Ng3+ 0-1

[Event "*** Titled Tuesday Blitz"]
[Site "Chess.com"]
[Date "2020.10.27"]
[Round "2"]
[White "ajedrezsinlimites"]
[Black "Chamal_Gedgafov"]
[Result "0-1"]
[WhiteElo "2396"]
[BlackElo "2168"]
[TimeControl "180+1"]
[EndTime "10:17:57 PDT"]
[Termination "Chamal_Gedgafov won by resignation"]

1. e4 e6 2. d4 d5 3. exd5 exd5 4. Qf3 Nf6 5. Bf4 Bg4 6. Qb3 b6 7. h3 Bf5 8. Nc3 c6 9. g4 Bg6 10. O-O-O Be7 11. Re1 O-O 12. Nf3 Be4 13. Nxe4 Nxe4 14. Qe3 Bd6 15. Ne5 Qc7 16. Bg2 Re8 17. Bxe4 dxe4 18.
Bg3 f6 19. Nc4 Bxg3 20. Qxg3 Qxg3 21. fxg3 Re6 22. Nd2 e3 23. Nc4 e2 24. Rh2 Nd7 25.
Rhxe2 Rxe2 26. Rxe2 Kf8 27. Kd2 Rd8 28. c3 c5 29. Kc2 cxd4 30. cxd4 Nb8 31. Kc3 Nc6 32. Rd2 Ke7 33. d5 Ne5 34. g5 Rc8 35. gxf6+ gxf6 36. d6+ Kd7 37. Rd4 b5 38. b3 bxc4 39. bxc4 Rc6 40. Rh4 Kxd6 41. Rxh7 Rxc4+ 42. Kd2 Ra4 43. h4 Rxa2+ 44.
Ke3 a5 45. h5 Rh2 46. Kf4 Ke6 47. Rh8 Ng6+ 0-1

[Event "*** Titled Tuesday Blitz"]
[Site "Chess.com"]
[Date "2020.10.27"]
[Round "2"]
[White "Gabrielian_Artur"]
[Black "kakakz"]
[Result "0-1"]
[WhiteElo "2788"]
[BlackElo "2380"]
[TimeControl "180+1"]
[EndTime "10:17:59 PDT"]
[Termination "kakakz won by resignation"]

1. e4 c5 2. Nc3 Nc6 3. Bb5 Nd4 4. Bc4 e6 5. Nf3 Nf6 6. O-O a6 7. Bb3 d6 8. d3 Nxb3 9. axb3 e5 10. h3 Be7 11.
Nd2 O-O 12. Nc4 Be6 13. Re1 b5 14. Ne3 b4 15. Ncd5 Nxd5 16. Nxd5 Bxd5 17. exd5 f5 18. f4 Bh4 19. Re2 Bg3 20. Qf1 g5 21. fxg5 f4 22.
Qf3 Rf5 23. c3 a5 24. Bd2 Rxg5 25. Kh1 bxc3 26. bxc3 Qb6 27. Ra3 Qb7 28. Qe4 Rg6 29. d4 f3 30. Qxf3 Rf8 31. Qxf8+ Kxf8 32. dxc5 Qxd5 33. Ra1 dxc5 34. Rf1+ Kg7 35. Be3 Qd3 0-1

[Event "*** Titled Tuesday Blitz"]
[Site "Chess.com"]
[Date "2020.10.27"]
[Round "2"]
[White "Klavdia_Nik"]
[Black "InitiatingASC"]
[Result "0-1"]
[WhiteElo "2076"]
[BlackElo "2414"]
[TimeControl "180+1"]
[EndTime "10:17:59 PDT"]
[Termination "InitiatingASC won on time"]

1. Nf3 Nf6 2. c4 e6 3. b3 b6 4. g3 Bb7 5. Bg2 Be7 6. Bb2 O-O 7. O-O c5 8. d4 cxd4 9. Qxd4 d6 10. Nc3 a6 11. Rac1 Nbd7 12. Rfd1 Qc7 13. h3 Rac8 14. e4 Qb8 15. Qe3 Rfd8 16. Nd4 Qa8 17. g4 Nc5 18. Re1 Bf8 19. g5 Nfd7 20. Nde2 Ne5 21. Red1 Ng6 22.
Ng3 b5 23. Nce2 bxc4 24. Rxc4 e5 25. Rcc1 Ne6 26. Nf5 Ngf4 27. Neg3 Nxg5 28. Kh2 Nxg2 29. Kxg2 Nxe4 30. Kh2 Nxg3 31. Nxg3 Bf3 32. Re1 f6 33. Ba3 Bd5 34. Red1 Be6 35. Qd2 Rxc1 0-1

[Event "*** Titled Tuesday Blitz"]
[Site "Chess.com"]
[Date "2020.10.27"]
[Round "2"]
[White "Misticpikachu"]
[Black "Sharpchess22"]
[Result "0-1"]
[WhiteElo "2353"]
[BlackElo "2761"]
[TimeControl "180+1"]
[EndTime "10:18:00 PDT"]
[Termination "Sharpchess22 won by resignation"]

1. c4 g6 2. Nc3 Bg7 3. d4 d6 4. e4 Nf6 5. h3 O-O 6. Be3 Nbd7 7. g4 e5 8. d5 Nc5 9. f3 h5 10. Nge2 Nh7 11. Qd2 f5 12. gxf5 gxf5 13. Bh6 Qh4+ 14. Kd1 Rf7 15. Rg1 fxe4 16. Nxe4 Nxe4 17.
fxe4 Qxe4 18. Ng3 Qg6 19. Bxg7 Rxg7 20. Bd3 Qg5 21. Qc2 Bxh3 22. Qh2 Bg4+ 23. Kc2 Rf8 24. Raf1 Rxf1 25. Rxf1 Nf6 26. Nf5 Bxf5 27. Rxf5 Qg2+ 28. Qxg2 Rxg2+ 29. Kc3 Kg7 30. b4 Rg3 31. Kd2 h4 32. Rf2 h3 33. Ke2 Ng4 34. Rf1 h2 35. Rh1 Kf6 36. Rf1+ Kg5 37. Rh1 Re3+ 38. Kd2 Rg3 39. Ke2 Rg2+ 40. Kf1 Rf2+ 41. Ke1 Rxa2 42. Be2 Ra1+ 43.
Bd1 Ne3 44. Rxh2 Nxd1 45. Kd2 Ra2+ 46. Kd3 Rxh2 0-1

[Event "*** Titled Tuesday Blitz"]
[Site "Chess.com"]
[Date "2020.10.27"]
[Round "2"]
[White "LubovMarkelova"]
[Black "zverr1"]
[Result "0-1"]
[WhiteElo "2217"]
[BlackElo "2455"]
[TimeControl "180+1"]
[EndTime "10:18:00 PDT"]
[Termination "zverr1 won by resignation"]

1. d4 Nf6 2. Nf3 g6 3. c4 Bg7 4.
Nc3 d5 5. cxd5 Nxd5 6. e4 Nxc3 7. bxc3 c5 8. Be3 Qa5 9. Nd2 Bd7 10. Qb3 cxd4 11. cxd4 Nc6 12. e5 O-O 13. Be2 Be6 14.
Qb2 f6 15. f4 fxe5 16. dxe5 Nxe5 17. fxe5 Bxe5 18. Qb1 Qc3 19. Bh6 Rfd8 20. O-O Rxd2 21.
Bxd2 Qxd2 22. Qe4 Qd4+ 23. Qxd4 Bxd4+ 24. Kh1 Bxa1 25. Rxa1 Rd8 26. Bf3 Bd5 27. Rd1 e6 28.
h3 Kf7 29. Be2 Ke7 30. a3 Bc6 31. Rc1 Rd2 32. Bf1 Ra2 33. Rc3 e5 34. Re3 e4 35.
Kh2 Kd6 36. Re1 Ke5 0-1

[Event "*** Titled Tuesday Blitz"]
[Site "Chess.com"]
[Date "2020.10.27"]
[Round "2"]
[White "Shuvalov"]
[Black "A-Fier"]
[Result "1/2-1/2"]
[WhiteElo "2523"]
[BlackElo "2772"]
[TimeControl "180+1"]
[EndTime "10:18:01 PDT"]
[Termination "Game drawn by repetition"]

1. Nf3 Nf6 2. c4 g6 3. Nc3 Bg7 4. e4 O-O 5. d4 d6 6. Be2 Bg4 7.
Be3 Nfd7 8. Ng1 Bxe2 9. Ngxe2 c5 10. O-O Nc6 11. Rc1 cxd4 12. Nxd4 a5 13. b3 Nc5 14.
Ndb5 Be5 15. f4 Bg7 16. Bxc5 dxc5 17. e5 e6 18. Ne4 b6 19. Nec3 Qc8 20. Na4 Rb8 21. Qf3 Rd8 22. Rcd1 Rxd1 23. Rxd1 g5 24. g3 Nd4 25. Nxd4 cxd4 26. Rxd4 gxf4 27. gxf4 b5 28. Nc3 Qc5 29. Qf2 Qa3 30. Nxb5 Qc1+ 31. Kg2 Bf8 32.
Nd6 Bxd6 33. exd6 Kh8 34. d7 Rg8+ 35. Kh3 Qc3+ 36. Kh4 Rd8 37. Qd2 Qf3 38. Rd3 Qf1 39.
Qc3+ Kg8 40. Qf6 Rxd7 41. Rg3+ Kf8 42. Qh6+ Ke7 43. Qg5+ Ke8 44. Qg8+ Ke7 45. Qg5+ Ke8 46. Qg8+ Ke7 47. Qg5+ 1/2-1/2

[Event "*** Titled Tuesday Blitz"]
[Site "Chess.com"]
[Date "2020.10.27"]
[Round "2"]
[White "Khazieva_Elza"]
[Black "Lagmantr"]
[Result "0-1"]
[WhiteElo "2472"]
[BlackElo "2738"]
[TimeControl "180+1"]
[EndTime "10:18:01 PDT"]
[Termination "Lagmantr won by resignation"]

1. e4 c6 2. d3 d5 3. Nd2 g6 4. Ngf3 Bg7 5. g3 Nf6 6. Bg2 O-O 7. O-O Nbd7 8. e5 Ne8 9. d4 c5 10. c3 Nc7 11. Re1 cxd4 12. cxd4 Nb6 13. Nb3 Nc4 14. Nc5 b6 15. Nd3 Bb7 16. b3 Na5 17. h4 Rc8 18. h5 Nb5 19. h6 Bh8 20. Bd2 Nc3 21. Bxc3 Rxc3 22. Qd2 Qc7 23. e6 f6 24. Nf4 Rc8 25. Ne2 Rc2 26. Qe3 Ba6 27. Nh4 Nc6 28. Bxd5 Nb4 29. Be4 Rxe2 30. Rxe2 Bxe2 31.
Qxe2 f5 32. Bxf5 gxf5 33. Qh5 Bf6 34. Qf7+ Kh8 35. Nxf5 Rg8 36. Re1 Nc6 37. Re4 Nd8 38.
Qh5 Qc2 39. Rg4 Qd1+ 40. Kg2 Qxg4 0-1

[Event "*** Titled Tuesday Blitz"]
[Site "Chess.com"]
[Date "2020.10.27"]
[Round "2"]
[White "TomiLen"]
[Black "IngOscarArdila"]
[Result "0-1"]
[WhiteElo "2637"]
[BlackElo "2175"]
[TimeControl "180+1"]
[EndTime "10:18:01 PDT"]
[Termination "IngOscarArdila won by resignation"]

1. d4 Nf6 2. Bg5 e6 3. e4 Be7 4. e5 Nd5 5. Bd2 d6 6. c4 Nb6 7. Qg4 g6 8. Nf3 h5 9. Qg3 dxe5 10. dxe5 Nc6 11. Nc3 Nd4 12. O-O-O Nf5 13. Qh3 Bd7 14. Bd3 c6 15. g4 Ng7 16. Rhg1 Qc7 17. Ne4 O-O-O 18.
g5 Nf5 19. Bc3 Kb8 20. Bc2 Bc8 21. Nd6 Rhf8 22. Bxf5 exf5 23. Qg3 Be6 24. b3 Nc8 25. c5 Ka8 26. Rd2 b6 27. Rgd1 bxc5 28. Qf4 Nb6 29. Kc2 c4 30. Nxc4 Nxc4 31. bxc4 Rxd2+ 32. Rxd2 Rd8 33. Nd4 Bxc4 34. Nxf5 Rxd2+ 35. Kxd2 Qd7+ 36. Qd4 Bxg5+ 37. Ke1 Qxf5 38. Qxc4 Qb1+ 39. Ke2 Qc2+ 40. Kf1 Qd1+ 41. Kg2 Qd5+ 42. Qxd5 cxd5 43. Bd4 Kb7 44. Kg3 a5 45. f4 Be7 46. f5 Kc6 47.
Kf4 g5+ 48. Kf3 Kb5 49. h3 Kc4 50. Ke3 g4 51. hxg4 Bg5+ 52. Kf3 Kxd4 0-1

[Event "*** Titled Tuesday Blitz"]
[Site "Chess.com"]
[Date "2020.10.27"]
[Round "2"]
[White "Michaelson_11"]
[Black "esapunov"]
[Result "0-1"]
[WhiteElo "2117"]
[BlackElo "2649"]
[TimeControl "180+1"]
[EndTime "10:18:01 PDT"]
[Termination "esapunov won by resignation"]

1. e4 c5 2. Nf3 d6 3. d4 cxd4 4. Nxd4 Nf6 5. Nc3 Nc6 6. Bg5 e6 7. Qd2 a6 8. O-O-O h6 9. Be3 Nxd4 10. Qxd4 Qc7 11. f4 b5 12. Bxb5+ axb5 13. Nxb5 Qc6 14.
e5 Qxb5 15. exf6 g6 16. a3 d5 17. Rd3 Ra4 18. Qe5 Qc6 19. Rc3 Rc4 20. Bd4 Rxc3 21. Bxc3 Bd6 22. Qe3 h5 23. g3 Bd7 24. Re1 Kf8 25. h3 Kg8 26. g4 hxg4 27. hxg4 Qc8 28. f5 exf5 29. gxf5 Bxf5 30. Qd4 Be6 31. Qe3 Rh5 32.
Kb1 Kh7 33. Qf3 Qd7 34. Rh1 Rxh1+ 35. Qxh1+ Kg8 36. Qh6 Bf8 37. Qf4 Bf5 38. Qb8 Qd6 39. Qe8 Qe6 40. Qd8 Qd6 41. Bb4 Qxd8 0-1

[Event "*** Titled Tuesday Blitz"]
[Site "Chess.com"]
[Date "2020.10.27"]
[Round "2"]
[White "midedu"]
[Black "tsaruk_maks"]
[Result "0-1"]
[WhiteElo "2003"]
[BlackElo "2642"]
[TimeControl "180+1"]
[EndTime "10:18:01 PDT"]
[Termination "tsaruk_maks won on time"]

1. e4 e5 2. Nf3 Nc6 3. Bc4 Nf6 4. d3 Bc5 5. O-O O-O 6. Re1 a6 7. a4 d6 8. c3 Ba7 9. Nbd2 Ne7 10. Nf1 Ng6 11.
h3 c6 12. Bb3 d5 13. exd5 Nxd5 14. Ng3 Ndf4 15. d4 exd4 16. cxd4 Be6 17. Be3 Bd5 18. Kh2 Nxg2 19. Rg1 N2h4 20. Ne1 Qd7 21. Bxd5 Qxd5 22. Qh5 Qxh5 23. Nxh5 Rad8 24. Rd1 Nf5 25. Nc2 Nxe3 26.
fxe3 Rd5 27. Ng3 f5 28. Rdf1 f4 29. exf4 Rxf4 30. Ne2 Rxf1 31. Rxf1 a5 32. Nc3 Rd7 33. Rd1 Nf4 34. Kg3 Ne6 35. d5 cxd5 36. Rxd5 Rxd5 37.
Nxd5 Nd4 38. Na3 Bc5 39. Nc4 Nc6 0-1

[Event "*** Titled Tuesday Blitz"]
[Site "Chess.com"]
[Date "2020.10.27"]
[Round "2"]
[White "PauloCesarCosta_sad"]
[Black "maximnovik"]
[Result "0-1"]
[WhiteElo "2286"]
[BlackElo "2495"]
[TimeControl "180+1"]
[EndTime "10:18:01 PDT"]
[Termination "maximnovik won on time"]

1. Nf3 Nf6 2. c4 g6 3. d4 Bg7 4.
Nc3 d5 5. cxd5 Nxd5 6. e4 Nxc3 7.
bxc3 c5 8. Be3 Qa5 9. Qd2 Nc6 10. Rb1 a6 11. Be2 O-O 12. Rb2 Rd8 13. O-O Bg4 14.
Rd1 b5 15. h3 Bxf3 16. Bxf3 Rac8 17. Bg4 e6 18. Rc2 b4 19. Bg5 bxc3 20. Bxd8 Rxd8 21. Qxc3 Qxc3 22. Rxc3 Bxd4 23. Rcc1 Kg7 24. Be2 Ra8 25.
Rb1 Nb4 26. a3 Na2 27. Re1 Nc3 28.
Rbc1 a5 29. Bc4 Rb8 30. Kf1 Rb2 31. f4 Rf2+ 32. Kg1 Rxf4+ 33. Kh1 Rf2 34. Bd3 Rd2 35. Rf1 Rxd3 36. Rce1 Rd2 37. Rc1 Be5 38. a4 Nxe4 39. Rcd1 Ng3+ 40. Kg1 Bd4+ 0-1

[Event "*** Titled Tuesday Blitz"]
[Site "Chess.com"]
[Date "2020.10.27"]
[Round "2"]
[White "GoltsevDmitry2000"]
[Black "Kotofeyca"]
[Result "1-0"]
[WhiteElo "2695"]
[BlackElo "2358"]
[TimeControl "180+1"]
[EndTime "10:18:02 PDT"]
[Termination "GoltsevDmitry2000 won by checkmate"]

1. e3 d5 2. b3 c6 3. Bb2 Nf6 4. Nf3 Bg4 5. Be2 e6 6. h3 Bh5 7. O-O Nbd7 8. d3 Bc5 9. Nbd2 Qe7 10. Ne5 Bxe2 11. Qxe2 Nxe5 12. Bxe5 Bd6 13. Bb2 Ba3 14. Be5 Bd6 15. f4 Bxe5 16. fxe5 Nd7 17. d4 f5 18.
exf6 Nxf6 19. e4 Qb4 20. Qe3 O-O 21. c3 Qa5 22. e5 Nd7 23. Nf3 h6 24. Nh4 Rxf1+ 25.
Rxf1 Qxa2 26. Ng6 Qc2 27. Qg3 Nf8 28. Ne7+ Kh7 29. Rf7 Ng6 30. h4 a5 31. Kh2 Qe4 32. h5 Qh4+ 33. Qxh4 Nxh4 34. g4 Nf3+ 35. Rxf3 a4 36.
bxa4 Rxa4 37. Ng6 Ra8 38. Rf7 Rb8 39. Re7 b6 40. Rxe6 c5 41. Rd6 cxd4 42. cxd4 b5 43. e6 b4 44. e7 b3 45. Rd8 b2 46. Rxb8 b1=Q 47. Rh8# 1-0

[Event "*** Titled Tuesday Blitz"]
[Site "Chess.com"]
[Date "2020.10.27"]
[Round "2"]
[White "GukeshDommaraju"]
[Black "Ajedrez_con_German"]
[Result "1-0"]
[WhiteElo "2823"]
[BlackElo "2539"]
[TimeControl "180+1"]
[EndTime "10:18:04 PDT"]
[Termination "GukeshDommaraju won on time"]

1. c4 e6 2. Nf3 d5 3. e3 Nf6 4. Nc3 Be7 5. b3 O-O 6. Bb2 b6 7. cxd5 Nxd5 8. Nxd5 Qxd5 9. Bc4 Qd8 10. Qc2 Bb7 11. h4 Bf6 12. d4 Nd7 13. Bd3 h6 14. Ng5 Bxg5 15. hxg5 Qxg5 16. Qxc7 Qxg2 17. Rh2 Qc6 18. Rc1 Qxc7 19. Rxc7 Bc8 20. Ba3 Re8 21. Be4 Rb8 22. Bc6 Rd8 23. Be7 Re8 24. Bxd7 Rxe7 25. Rxc8+ Rxc8 26. Bxc8 Rc7 27. Ba6 Rc2 28. a4 f5 29. Bd3 Rb2 30. Bc4 Kf7 31. Rh3 Kf6 32.
Rf3 g5 33. e4 g4 34. Rg3 h5 35.
e5+ Kg5 36. Bxe6 f4 37. Rd3 f3 38. d5 Re2+ 39. Kf1 h4 40. d6 h3 41. d7 1-0

[Event "*** Titled Tuesday Blitz"]
[Site "Chess.com"]
[Date "2020.10.27"]
[Round "2"]
[White "MomchilPetkov"]
[Black "SergeyKarjakin"]
[Result "0-1"]
[WhiteElo "2627"]
[BlackElo "3004"]
[TimeControl "180+1"]
[EndTime "10:18:05 PDT"]
[Termination "SergeyKarjakin won by resignation"]

1. d4 Nf6 2. Bf4 d5 3. e3 e6 4. Nd2 Bd6 5. Bg3 b6 6. Ngf3 Bb7 7. Bd3 c5 8. c3 Nc6 9. O-O Bxg3 10. hxg3 Qc7 11.
dxc5 bxc5 12. e4 O-O 13. Qe2 h6 14. Rfe1 a5 15. Rac1 a4 16. Bb1 Ba6 17. Qe3 Qb6 18.
e5 Nd7 19. b3 axb3 20. axb3 c4 21. bxc4 Qxe3 22. Rxe3 dxc4 23. Be4 Rac8 24. Bxc6 Rxc6 25. Rb1 Nc5 26. Nd4 Rcc8 27. Ne4 Nxe4 28. Rxe4 Rb8 29. Ree1 Bb7 30. f3 Bd5 31. Kf2 h5 32. Ke3 Kh7 33.
Kd2 g5 34. Kc2 Rxb1 35. Rxb1 Ra8 36. Kb2 Kg6 37. Ra1 Rxa1 38. Kxa1 h4 39. gxh4 gxh4 40. Kb2 Kg5 41. Kc2 Kf4 42. Kd2 Kg3 43. Ke3 Kxg2 44. Ne2 h3 45. Nf4+ Kg3 46. Ne2+ Kh4 47. Kf2 h2 48. Kg2 Bxf3+ 0-1

[Event "*** Titled Tuesday Blitz"]
[Site "Chess.com"]
[Date "2020.10.27"]
[Round "2"]
[White "Paladin61"]
[Black "Beca95"]
[Result "0-1"]
[WhiteElo "2599"]
[BlackElo "2921"]
[TimeControl "180+1"]
[EndTime "10:18:05 PDT"]
[Termination "Beca95 won on time"]

1. b3 Nf6 2. Bb2 g6 3. Bxf6 exf6 4. c4 d5 5. cxd5 Qxd5 6. Nc3 Qa5 7. a3 c6 8. e3 f5 9. Nge2 Bg7 10. g3 O-O 11.
Bg2 Nd7 12. O-O h5 13. d4 h4 14. b4 Qd8 15. Nf4 hxg3 16. hxg3 Nf6 17. Rc1 Bd7 18. Qd3 Rc8 19. Na4 b6 20. Qa6 Rc7 21. Nb2 Ne4 22.
Nbd3 Re8 23. Rc2 Nxg3 24. fxg3 Rxe3 25. Ne5 Rxg3 26. Qc4 Be8 27. Ne2 Rxa3 28. Rc3 Rxc3 29. Qxc3 c5 30. dxc5 Qe7 31. Nxg6 Qxe2 32. Qg3 fxg6 33.
Qxc7 Bd4+ 34. Kh1 Be5 35. Qd8 Qh5+ 36. Kg1 Qh2+ 37. Kf2 Kf8 38. c6 Qf4+ 39. Kg1 Bd4+ 40. Kh1 Qh6+ 0-1

[Event "*** Titled Tuesday Blitz"]
[Site "Chess.com"]
[Date "2020.10.27"]
[Round "2"]
[White "rasmussvane"]
[Black "ExtremeLearner"]
[Result "1-0"]
[WhiteElo "2873"]
[BlackElo "2369"]
[TimeControl "180+1"]
[EndTime "10:18:06 PDT"]
[Termination "rasmussvane won by resignation"]

1. Nf3 d5 2. g3 c6 3. Bg2 g6 4. O-O Bg7 5. c4 dxc4 6. a4 Nf6 7.
Na3 Be6 8. Qc2 O-O 9. Nxc4 Na6 10. d3 Nb4 11. Qd2 a5 12. Qf4 Nfd5 13. Qh4 h5 14. Bd2 Nc2 15. Rac1 Ndb4 16. Bc3 Bxc4 17. Qxc4 Qd5 18.
Qxd5 cxd5 19. d4 Rac8 20. e3 e6 21. Rfd1 Rc7 22. Rd2 Rfc8 23. Rdxc2 Nxc2 24. Rxc2 b6 25. Bf1 Bf8 26. Nd2 Bb4 27. Nb1 Kg7 28. Ba6 Rb8 29.
Bd3 Rbc8 30. Kf1 Be7 31. Ke2 h4 32. g4 h3 33. f4 g5 34. f5 Bd6 35. Kf3 Rh8 36.
e4 dxe4+ 37. Bxe4 Bf4 38. d5+ e5 39. Na3 Rd7 40. Nc4 f6 41. Nxb6 Rb7 42. Nc4 Rb3 43. Nxa5 Rbb8 44. Nc6 Ra8 45. a5 Rh4 46. b4 Rah8 47.
d6 Rxg4 48. Kxg4 Rh4+ 49. Kf3 g4+ 50. Ke2 Bxh2 51. d7 Rh8 52. d8=Q Rxd8 53. Nxd8 Bg3 54. a6 1-0

[Event "*** Titled Tuesday Blitz"]
[Site "Chess.com"]
[Date "2020.10.27"]
[Round "2"]
[White "AldokhinIvan"]
[Black "Fandorine"]
[Result "1-0"]
[WhiteElo "2586"]
[BlackElo "2846"]
[TimeControl "180+1"]
[EndTime "10:18:07 PDT"]
[Termination "AldokhinIvan won on time"]

1. e4 g6 2. d4 Bg7 3. Nc3 d6 4.
Bg5 a6 5. Qd2 b5 6. Nf3 Nd7 7.
a4 b4 8. Ne2 Rb8 9. Ng3 Ngf6 10. e5 Nd5 11. Bh6 O-O 12. h4 dxe5 13. h5 Rb6 14. hxg6 Rxg6 15. Bxg7 Rxg7 16. Nf5 Rg6 17. Bd3 Nf4 18. Nh6+ Kg7 19. Bxg6 fxg6 20. O-O-O e4 21.
Ng5 Nb6 22. d5 Qxd5 23. Nxe4 Qxe4 24. Rde1 Nc4 25. Qxb4 c5 26. Rxe4 cxb4 27. Rxc4 Nxg2 28. Rc7 Rxf2 29. Rxc8 Ne3 30. Rc7 Nd5 31. Rd7 Nf4 32.
Rxe7+ Kf6 33. Re8 Kg5 34. Nf7+ Kg4 35. Ne5+ Kg3 36. Nd3 1-0

[Event "*** Titled Tuesday Blitz"]
[Site "Chess.com"]
[Date "2020.10.27"]
[Round "2"]
[White "Arfan48"]
[Black "parintele_chess"]
[Result "1-0"]
[WhiteElo "2422"]
[BlackElo "2146"]
[TimeControl "180+1"]
[EndTime "10:18:07 PDT"]
[Termination "Arfan48 won by checkmate"]

1. e4 e6 2. Nf3 d5 3. Nc3 d4 4.
Ne2 c5 5. c3 Nc6 6. cxd4 cxd4 7.
Qa4 Bd7 8. Nexd4 Nf6 9. Nxc6 Bxc6 10. Bb5 Rc8 11. Bxc6+ Rxc6 12. Ne5 Qb6 13. Nxc6 bxc6 14. O-O Bc5 15. d3 O-O 16. Qc2 Bd4 17. Rb1 a5 18. Bg5 Nd7 19. Kh1 Ne5 20. Bf4 Ng4 21. Bg3 f5 22. h3 f4 23. hxg4 fxg3 24. fxg3 Qd8 25. Qxc6 Rf6 26. g5 Rg6 27. Rf3 Rxg5 28. Qxe6+ Kh8 29. g4 Rg6 30. Rbf1 Bf6 31. Qf5 Rh6+ 32.
Rh3 Rxh3+ 33. gxh3 Qxd3 34. Qc8+ Bd8 35. Rf8# 1-0

[Event "*** Titled Tuesday Blitz"]
[Site "Chess.com"]
[Date "2020.10.27"]
[Round "2"]
[White "picturesquecheck"]
[Black "mamey78"]
[Result "1-0"]
[WhiteElo "2078"]
[BlackElo "2393"]
[TimeControl "180+1"]
[EndTime "10:18:07 PDT"]
[Termination "picturesquecheck won by resignation"]

1. e4 e5 2. Nf3 Nc6 3. Bb5 a6 4. Ba4 Nf6 5. O-O b5 6. Bb3 Be7 7. Re1 O-O 8. a4 Bb7 9. d3 Re8 10. Nc3 b4 11. Nd5 Na5 12. Ba2 Nxd5 13. Bxd5 Bxd5 14.
exd5 d6 15. d4 Bf6 16. Bd2 Rb8 17. dxe5 dxe5 18. Be3 Nc4 19. Rb1 e4 20. Nd2 Nxb2 21. Rxb2 Bxb2 22. Nc4 Bc3 23. Re2 Qd7 24. Bf4 Rbd8 25.
Ne3 c6 26. d6 Be5 27. Bxe5 Rxe5 28. Nc4 Rd5 29. Qe1 Qe6 30. f3 Rd4 31. Rxe4 Rxe4 32. Qxe4 Qxe4 33. fxe4 f6 34. Kf2 Kf7 35. Ke3 Ke6 36.
Kd4 Rxd6+ 37. Nxd6 Kxd6 38. Kc4 a5 39. g3 Ke5 40.
Kc5 Kxe4 41. Kxc6 Kd4 42. Kb5 Kc3 43. Kxa5 Kc4 44. Kb6 1-0

[Event "*** Titled Tuesday Blitz"]
[Site "Chess.com"]
[Date "2020.10.27"]
[Round "2"]
[White "KuzubovYuriy"]
[Black "TheMagnet"]
[Result "1-0"]
[WhiteElo "2895"]
[BlackElo "2585"]
[TimeControl "180+1"]
[EndTime "10:18:10 PDT"]
[Termination "KuzubovYuriy won by checkmate"]

1. d4 Nf6 2. c4 c5 3. d5 e6 4. Nc3 exd5 5. cxd5 d6 6. e4 g6 7. f4 Bg7 8. Bb5+ Nbd7 9. e5 dxe5 10. fxe5 Nh5 11. e6 Qh4+ 12. g3 Nxg3 13. hxg3 Bxc3+ 14.
bxc3 Qxh1 15. exd7+ Bxd7 16. Bxd7+ Kxd7 17. Kf1 Qe4 18.
Bf4 Qc4+ 19. Kf2 Rhe8 20. Qb3 Qxb3 21. axb3 a6 22. Ne2 g5 23. Bxg5 Re5 24. Bf4 Rxd5 25. Rh1 h5 26. c4 Rf5 27. Nc3 Re8 28. Kf3 Kc6 29. Nd5 b5 30. Ne3 Rf6 31. Rxh5 Rfe6 32. Nd5 Re1 33. Rh6+ R8e6 34. Rh8 bxc4 35. bxc4 Re8 36. Rh7 Rf8 37. Rh6+ Kb7 38. Rb6+ Ka7 39. Rc6 Rfe8 40. Rc7+ Ka8 41. Nb6+ Kb8 42. Re7+ Re5 43. Bxe5# 1-0

[Event "*** Titled Tuesday Blitz"]
[Site "Chess.com"]
[Date "2020.10.27"]
[Round "2"]
[White "Korchmar_Vasiliy"]
[Black "GMBenjaminBok"]
[Result "0-1"]
[WhiteElo "2603"]
[BlackElo "2942"]
[TimeControl "180+1"]
[EndTime "10:18:11 PDT"]
[Termination "GMBenjaminBok won on time"]

1. d4 d5 2. Nf3 Nf6 3. Bf4 c5 4. e3 Nc6 5. Nbd2 cxd4 6. exd4 Qb6 7. Nb3 Bf5 8. Bd3 Bxd3 9. Qxd3 e6 10. O-O a5 11. a4 Qa6 12. Qb5 Be7 13. c3 O-O 14. Bg5 Ne4 15. Bxe7 Nxe7 16. Ne5 Rfd8 17. Nc5 Nxc5 18.
Qxc5 Nf5 19. Rfe1 Rac8 20. Qa3 Nd6 21. Re3 f6 22. Ng4 Nc4 23. Nxf6+ gxf6 24. Rg3+ Kf7 25.
Qb3 Rg8 26. Rh3 Rg7 27. Qd1 Rcg8 28. Qh5+ Ke7 29. Rg3 Nxb2 30. Re1 Qd6 31. Rb1 Qa3 32. Re1 Nd3 33. Rxd3 Rxg2+ 34. Kf1 Rg1+ 35. Ke2 Qa2+ 36.
Rd2 Qc4+ 37. Kd1 Qxa4+ 38. Ke2 Qb5+ 0-1